 Dungeon Crawl Stone Soup version 0.20.1-1-g8b1a95d (webtiles) character file.

48 Anon1729 the Digger (level 3, 0/21 HPs)
             Began as an Octopode Earth Elementalist on Dec 8, 2017.
             Slain by an adder (3 damage)
             ... on level 2 of the Dungeon.
             The game lasted 00:03:36 (2128 turns).

Anon1729 the Digger (Octopode Earth Elementalist)   Turns: 2128, Time: 00:03:36

Health: 0/21       AC:  1    Str:  5 (7)  XL:     3   Next: 72%
Magic:  6/6        EV: 14    Int: 16 (18) God:
Gold:   21         SH:  0    Dex: 11 (12) Spells: 2/6 levels left

rFire    + . .     SeeInvis .   g - +0 dagger
rCold    + . .     Gourm    .   (no shield)
rNeg     . . .     Faith    .   (helmet restricted)
rPois    +         Spirit   .   (no amulet)
rElec    +         Reflect  .   (no ring)
rCorr    +         Harm     .   (no ring)
MR       .....                  (no ring)
Stlth    +++.......             (no ring)
Regen    0.1/turn               (no ring)
MPRegen  0.1/turn               (no ring)
                                (no ring)
                                (no ring)

@: lethally poisoned (0 -> -7), about to teleport, resistant, flying
A: almost no armour, stealthy swim, amphibious, 8 rings, constrict 8, camouflage
1, gelatinous body 1
a: no special abilities


You were on level 2 of the Dungeon.
You were not hungry.

You visited 1 branch of the dungeon, and saw 2 of its levels.

You collected 21 gold pieces.

Inventory:

Hand Weapons
 g - a +0 dagger (weapon)
Missiles
 b - 73 stones (quivered)
Scrolls
 j - a scroll of magic mapping {unknown}
 l - a scroll of amnesia {unknown}
Books
 d - a book of Geomancy

   Spells                             Type                      Level
   a - Sandblast                      Earth                        1
   b - Passwall                       Transmutation/Earth          2
   c - Stone Arrow                    Conjuration/Earth            3
   d - Petrify                        Transmutation/Earth          4
   e - Lee's Rapid Deconstruction     Earth                        5
Comestibles
 c - 2 bread rations


   Skills:
 + Level 2.8 Dodging
 + Level 3.4 Stealth
 * Level 2.3 Spellcasting
 * Level 0.0 Conjurations
   Level 1.0 Transmutations
 * Level 3.4 Earth Magic


You had 2 spell levels left.
You knew the following spells:

 Your Spells              Type           Power        Failure   Level  Hunger
a - Sandblast             Erth           ##....       4%          1    #......
b - Stone Arrow           Conj/Erth      #.....       30%         3    ###....


Dungeon Overview and Level Annotations

Branches:
Dungeon (2/15)

Altars:


Innate Abilities, Weirdness & Mutations

You cannot wear most types of armour.
You are very stealthy in the water. (Stealth+)
You are amphibious.
You can wear up to eight rings at the same time.
You can use your tentacles to constrict eight enemies at once.
Your skin changes colour to match your surroundings (Stealth+).
Your rubbery body absorbs attacks. (AC +1, EV +1)


Message History

As you read the scroll labeled QAFYIK IPPUE, it crumbles to dust.
The creatures around you are filled with an inner flame!
It was a scroll of immolation.
You constrict the adder. The adder barely misses you.
Unknown command.
As you read the scroll labeled PAOSKAG QINOUPP, it crumbles to dust.
It is a scroll of identify.
h - a scroll of teleportation You constrict the adder.
* * * LOW HITPOINT WARNING * * *
You feel sick. The adder bites you.
* * * LOW HITPOINT WARNING * * *
Unknown command.
As you read the scroll of teleportation, it crumbles to dust.
You feel strangely unstable.
You constrict the adder.
* * * LOW HITPOINT WARNING * * *
You feel sick. The adder barely misses you.
Unknown command.
You release your grip on the adder.
The adder bites you.
You die...

... .# .... .. . ...
.... ..##.##...
..... ..>......
..... .........
......#g#....###
....<.#.#.#.....
#..S.......
#######@....##..
#...............
..........##### #.
..##......#####
...####.............
#...............###
##.............#
....##............
..
.####..###......###


You could see an adder (inner flame) and a hobgoblin (inner flame).

Vanquished Creatures
  Jessica (D:2)
  A dart slug (D:1)
  2 goblins (D:1)
  5 hobgoblins (D:1)
  4 jackals (D:1)
  A ball python (D:1)
  A bat (D:1)
  2 kobolds (D:1)
  2 rats (D:1)
19 creatures vanquished.

Notes
Turn   | Place    | Note
-------+----------+-------------------------------------------
     0 | D:1      | Anon1729 the Octopode Earth Elementalist began the quest for the Orb.
     0 | D:1      | Reached XP level 1. HP: 11/11 MP: 3/3
   776 | D:1      | Reached XP level 2. HP: 5/17 MP: 1/5
  2018 | D:2      | Noticed Jessica
  2042 | D:2      | Killed Jessica
  2042 | D:2      | Reached XP level 3. HP: 19/21 MP: 1/6
  2049 | D:2      | Learned a level 3 spell: Stone Arrow
  2128 | D:2      | Slain by an adder

Skill      XL: |  1  2 |
---------------+-------+-----
Stealth        | 3 |  3.4
Dodging        | |  2.8
Spellcasting   | |  2.3
Transmutations | |  1.0
Earth Magic    | |  3.4

Action                   || total
-------------------------++-------
Melee: Unarmed           ||    15
       Constrict         ||    15
       Dagger            ||    31
       Tentacles         ||     8
 Cast: Sandblast         ||     9
  Use: Scroll            ||     3
       Potion            ||     3
 Stab: Sleeping          ||     2
  Eat: Chunk             ||     4
Armor: Skin              ||     5
Dodge: Dodged            ||    33
